 Dungeon Crawl Stone Soup version 0.23-a0-714-g00c90a0 (webtiles) character file.

200 DrEnzyme the Skirmisher (level 5, 0/41 HPs)
             Began as a Mummy Wanderer on Jan 15, 2019.
             Slain by an orc
             ... wielding a +0 dagger
              (1 damage)
             ... on level 4 of the Dungeon.
             The game lasted 00:33:34 (3252 turns).

DrEnzyme the Skirmisher (Mummy Wanderer)            Turns: 3252, Time: 00:33:34

Health: 0/41       AC:  8    Str: 16    XL:     5   Next: 48%
Magic:  6/6        EV:  9    Int: 11    God:
Gold:   113        SH:  0    Dex: 12    Spells: 5/6 levels left

rFire    x . .     SeeInvis .   a - +3 mace
rCold    + . .     Gourm    .   (no shield)
rNeg     + + +     Faith    .   l - +0 scale mail
rPois    ∞         Spirit   .   (no helmet)
rElec    .         Reflect  .   h - +1 cloak
rCorr    .         Harm     .   (no gloves)
MR       +....                  (no boots)
Stlth    ..........             (no amulet)
HPRegen  0.13/turn              m - ring of protection from magic
MPRegen  0.10/turn              (no ring)

@: no status effects
A: no food or potions, fire vulnerability, cold resistance 1, negative energy
resistance 3, torment resistance, unbreathing
a: no special abilities


You were on level 4 of the Dungeon.
You were not hungry.

You visited 1 branch of the dungeon, and saw 4 of its levels.

You collected 113 gold pieces.

Inventory:

Hand Weapons
 a - a +3 mace (weapon)
 b - a +0 shortbow
 f - a +0 dagger
Missiles
 d - 4 arrows
Armour
 e - a +0 robe
 h - a +1 cloak (worn)
 l - a +0 scale mail (worn)
Jewellery
 m - a ring of protection from magic (left hand)
Scrolls
 j - a scroll of magic mapping


   Skills:
 * Level 3.6 Fighting
 - Level 1.5 Maces & Flails
 + Level 3.5 Bows
 - Level 2.4 Armour
 - Level 1.0 Stealth
   Level 1.0 Shields
 + Level 1.0 Spellcasting
 + Level 0.8 Necromancy


You had 5 spell levels left.
You knew the following spells:

 Your Spells              Type           Power        Failure   Level  Hunger
a - Animate Skeleton      Necr           N/A          63%         1    N/A

Your spell library contained the following spells:

 Spells                   Type           Power        Failure   Level  Hunger
 Pain                     Necr           #...         63%         1    N/A
 Vampiric Draining        Necr           #.........   94%         3    N/A
 Animate Dead             Necr           N/A          100%        4    N/A
 Regeneration             Chrm/Necr      Unusable     N/A         3    N/A

Dungeon Overview and Level Annotations

Branches:
Dungeon (4/15)
 Temple: D:4-7

Altars:
Qazlal
Trog
Vehumet
Xom

Annotations:
D:2 exclusion: downstairs
D:3 Grinder, Sigmund
D:4 Edmund


Innate Abilities, Weirdness & Mutations

You do not eat or drink.
Your flesh is vulnerable to fire.
You are immune to poison.
Your flesh is cold resistant. (rC+)
You are immune to negative energy. (rN+++)
You are immune to unholy pain and torment.
You can survive without breathing.


Message History

You feel as if something is helping you.
It was a scroll of remove curse.
The orc hits you but does no damage.
As you read the scroll labeled OMILETS ELAO, it crumbles to dust.
The scroll dissolves into smoke.
It was a scroll of fog.
The orc closely misses you. The orc misses you.
The orc priest calls down the wrath of Beogh upon you.
Beogh smites you!
As you read the scroll labeled QYMISO LOTU, it crumbles to dust.
It is a scroll of enchant armour.
Your +0 cloak glows green for a moment.
The orc closely misses you.
Unknown command.
Unknown command.
The orc barely misses you.
There is an open door here.
The orc priest looks braver for a moment.
The orc priest calls down the wrath of Beogh upon you.
Beogh smites you!
* * * LOW HITPOINT WARNING * * *
The orc hits you with a +0 dagger.
You die...

###..##....##..#.....#########
#....#.....###########.#...§§####
#....#.....#...........'...§§§...
+....#.....#...........#..§§§§§..
#....#.....'........o..#.§§§§§§..
#....#.....#........o..#.§§§§§...
#....#.....#......o....#.§§§§.o..
#....##..####.##.o##..##.....##'#
#....##..# #'##@.############ ..
#........# ..#......... ..
#........# ...#......... ..
#........+....'......... o.
#....##..# ########.### .o
#....##..####.### .# ##
#...............# .
'........Z......# #
#...............#


You could see 2 orc priests and 2 orcs.

Vanquished Creatures
  A scorpion (D:4)
  2 orc wizards
  3 adders
  A worm (D:3)
  7 orcs
  A ball python (D:4)
  2 giant cockroaches
  5 goblins
  2 hobgoblins (D:1)
  11 jackals
  A kobold (D:3)
  4 bats
  2 frilled lizards
  5 rats
47 creatures vanquished.

Vanquished Creatures (collateral kills)
  An iguana (D:4)
1 creature vanquished.

Grand Total: 48 creatures vanquished

Notes
Turn   | Place    | Note
-------+----------+-------------------------------------------
     0 | D:1      | DrEnzyme the Mummy Wanderer began the quest for the Orb.
     0 | D:1      | DrEnzyme set off with the following items: a +2 mace, a
                  | scroll of teleportation, a +0 shortbow, 24 arrows, a +0
                  | robe
     0 | D:1      | Reached XP level 1. HP: 16/16 MP: 1/1
   285 | D:1      | Reached XP level 2. HP: 22/22 MP: 2/2
   994 | D:2      | Found a bloodstained altar of Trog.
  1141 | D:2      | Found a shimmering altar of Xom.
  1143 | D:2      | Found a radiant altar of Vehumet.
  1143 | D:2      | Found a radiant altar of Vehumet.
  1145 | D:2      | Found a stormy altar of Qazlal.
  1145 | D:2      | Found a glowing silver altar of Zin.
  1145 | D:2      | Found a shimmering altar of Xom.
  1436 | D:3      | Reached XP level 3. HP: 28/28 MP: 3/3
  1437 | D:3      | Noticed Sigmund
  1860 | D:3      | Reached XP level 4. HP: 25/34 MP: 4/4
  1945 | D:3      | Noticed Grinder
  2095 | D:4      | Learned a level 1 spell: Animate Skeleton
  2214 | D:4      | Reached XP level 5. HP: 27/41 MP: 5/5
  2919 | D:3      | Upgraded the game from 0.23-a0-713-ge59bbb1 to
                  | 0.23-a0-714-g00c90a0
  2939 | D:3      | Noticed an ogre
  3128 | D:4      | Reached skill level 1 in Spellcasting
  3133 | D:4      | Noticed Edmund
  3249 | D:4      | HP: 1/41 [orc priest/divine providence (14)]
  3252 | D:4      | Slain by an orc

Vault maps used:
D:1:      giann_horns
D:2:      doesnt_xom_only_xom, first_ration, trog_book
D:3:      uniq_sigmund, uniq_grinder
D:4:      uniq_duvessa, uniq_edmund

Skill      XL: |  1  2  3  4  5 |
---------------+----------------+-----
Bows           | 2 3 |  3.5
Fighting       | 3 |  3.6
Spellcasting   | 1 |  1.0
Maces & Flails | |  1.5
Armour         | |  2.4
Stealth        | |  1.0
Shields        | |  1.0
Necromancy     | |  0.8

Action                   |  1- 3 |  4- 6 || total
-------------------------+-------+-------++-------
Melee: Mace              |    71 |    58 ||   129
 Fire: Shortbow          |    52 |    17 ||    69
 Cast: Animate Skeleton  |       |     5 ||     5
  Use: Scroll            |     5 |     5 ||    10
Armor: Scale mail        |    35 |    71 ||   106
       Robe              |     1 |       ||     1
Dodge: Dodged            |    39 |    65 ||   104

Table legend:
 A = Non-vault XP
 B = Vault XP
 C = Vault XP percentage of total XP
 D = Non-vault monster count
 E = Vault monster count
 F = Vault count percentage of total count
                 A         B        C        D         E       F
            +---------+---------+-------+---------+---------+-------
      Total |     286 |       0 |   0.0 |      48 |       0 |   0.0
            +---------+---------+-------+---------+---------+-------
        D:1 |      22 |       0 |   0.0 |      12 |       0 |   0.0
        D:2 |      12 |       0 |   0.0 |       7 |       0 |   0.0
        D:3 |      96 |       0 |   0.0 |      18 |       0 |   0.0
        D:4 |     156 |       0 |   0.0 |      11 |       0 |   0.0
            +---------+---------+-------+---------+---------+-------
